 Dungeon Crawl Stone Soup version 0.22-a0-603-gfc1114d (webtiles) character file.

49 Amnesiac the Magician (level 3, -4/19 HPs)
             Began as a Deep Elf Wizard on July 7, 2018.
             Killed from afar by Natasha (6 damage)
             ... with a magic dart
             ... on level 2 of the Dungeon.
             The game lasted 00:01:26 (610 turns).

Amnesiac the Magician (Deep Elf Wizard)              Turns: 610, Time: 00:01:26

Health: -4/19      AC:  2    Str:  4    XL:     3   Next: 53%
Magic:  0/11       EV: 13    Int: 23    God:
Gold:   38         SH:  0    Dex: 13    Spells: 0/11 levels left

rFire    . . .     SeeInvis .   h - +0 dagger (venom)
rCold    . . .     Gourm    .   (no shield)
rNeg     . . .     Faith    .   a - +0 robe
rPois    .         Spirit   .   (no helmet)
rElec    .         Reflect  .   (no cloak)
rCorr    .         Harm     .   (no gloves)
MR       .....                  (no boots)
Stlth    ++........             (no amulet)
HPRegen  0.06/turn              (no ring)
MPRegen  0.12/turn              (no ring)

@: very slightly contaminated, hasted, very quick
A: no striking features
a: no special abilities


You were on level 2 of the Dungeon.
You were not hungry.

You visited 1 branch of the dungeon, and saw 2 of its levels.

You collected 38 gold pieces.

Inventory:

Hand Weapons
 h - a +0 dagger of venom (weapon)
Armour
 a - a +0 robe (worn)
Scrolls
 b - 2 scrolls of teleportation {!r, unknown}
 e - a scroll of identify {!r, unknown}
 f - a scroll of blinking {!r, unknown}
Comestibles
 d - 3 rations
 g - 5 chunks of flesh


   Skills:
 - Level 2.4 Dodging
 - Level 2.4 Stealth
 - Level 4.5 Spellcasting
 * Level 3.8 Conjurations
 - Level 1.1 Summonings
 - Level 1.1 Translocations


You couldn't memorise any spells.
You knew the following spells:

 Your Spells              Type           Power        Failure   Level  Hunger
a - Magic Dart            Conj           ###.         1%          1    None
b - Call Imp              Summ           ##......     10%         2    None
e - Mephitic Cloud        Conj/Pois/Air  ##......     19%         3    ##.....
s - Conjure Flame         Conj/Fire      ##......     14%         3    ##.....
v - Blink                 Tloc           N/A          10%         2    None

Your spell library contained the following spells:

 Spells                   Type           Power        Failure   Level  Hunger
 Slow                     Hex            #.......     16%         2    None


Dungeon Overview and Level Annotations

Branches:
Dungeon (2/15)

Altars:
Ashenzari

Annotations:
D:2 Natasha


Message History

h - a +0 dagger of venom (weapon)
You barely miss the goblin. The goblin barely misses you.
Something claws your crimson imp but does no damage.
The shadow imp hits you.
You hit the goblin but do no damage.
The goblin is poisoned.
The goblin misses you.
Something closely misses your crimson imp.
The shadow imp hits you.
* * * LOW HITPOINT WARNING * * *
You hit the goblin.
The goblin looks as sick as possible!
The goblin is moderately wounded.
You kill the goblin!
Something barely misses your crimson imp.
The shadow imp barely misses you.
You closely miss the shadow imp.
The shadow imp is heavily wounded.
Something closely misses your crimson imp.
The shadow imp hits you.
* * * LOW HITPOINT WARNING * * *
You hit the shadow imp but do no damage.
The shadow imp is heavily wounded.
The goblin hits you.
* * * LOW HITPOINT WARNING * * *
Something claws your crimson imp!
The shadow imp hits you but does no damage.
Your crimson imp blinks!
Really quaff
c - a brown potion {!q}?
It was a potion of haste {!q}.
You feel yourself speed up. The goblin hits you.
* * * LOW HITPOINT WARNING * * *
The shadow imp closely misses you.
You barely miss the shadow imp.
The shadow imp is heavily wounded.
The goblin hits you but does no damage. The shadow imp closely misses you.
You hit the shadow imp but do no damage.
The shadow imp is poisoned.
The shadow imp is heavily wounded.
Natasha casts a spell.
The goblin closely misses you. The shadow imp barely misses you.
You completely miss the shadow imp.
The shadow imp is heavily wounded.
Your crimson imp blinks!
Natasha mumbles some strange words.
Casting: Magic Dart (safe; 1% risk of failure)
Confirm with . or Enter, or press ? or * to list all spells.
Aiming: Magic Dart (safe; 1% risk of failure)
Press: ? - help, Shift-Dir - straight line, f/p - shadow imp
Aim: a shadow imp (heavily wounded, poisoned, summoned)
The magic dart hits the shadow imp.
The shadow imp is almost dead.
The goblin barely misses you.
The crimson imp blinks!
The shadow imp closely misses you.
Your crimson imp blinks!
Unknown command.
You barely miss the shadow imp.
The shadow imp is almost dead.
The goblin misses you.
Unknown command.
The shadow imp shouts, "Flee, thou bawdy ill-breeding bugbear!"
You kill the shadow imp!
You aren't carrying any potions.
You closely miss the goblin. The goblin closely misses you.
Natasha casts a spell at you. The magic dart hits you!
You die...

##... #..# #...
#..# #..#
..######..#
..........#
#.#######.# #.#
#######.######
#@†h5§..5....#
#g##§#######...
#.##.# #.##.#
#.##.# #.##.#
#.##.# #.##..


You could see Natasha, a crimson imp, a shadow imp and a goblin.

Vanquished Creatures
  3 adders (D:2)
  2 leopard geckos (D:2)
  A ball python (D:2)
  4 hobgoblins (D:2)
  5 kobolds (D:2)
  2 bats (D:1)
  A frilled lizard (D:1)
  2 goblins
  A rat (D:2)
21 creatures vanquished.

Notes
Turn   | Place    | Note
-------+----------+-------------------------------------------
     0 | D:1      | Amnesiac the Deep Elf Wizard began the quest for the Orb.
     0 | D:1      | Reached XP level 1. HP: 10/10 MP: 7/7
    68 | D:2      | Reached XP level 2. HP: 12/15 MP: 0/9
   121 | D:2      | Learned a level 2 spell: Blink
   124 | D:2      | Learned a level 2 spell: Call Imp
   242 | D:2      | Found a shattered altar of Ashenzari.
   355 | D:2      | Reached XP level 3. HP: 19/19 MP: 9/11
   360 | D:2      | Learned a level 3 spell: Conjure Flame
   364 | D:2      | Learned a level 3 spell: Mephitic Cloud
   581 | D:2      | Noticed Natasha
   610 | D:2      | Killed from afar by Natasha

Vault maps used:
D:1:      nicolae_arrival_memento_mori
D:2:      lemuel_coloured_pillars_altar, old_standard_altar, first_ration,
          minmay_pentomino_u4, uniq_natasha, uniq_robin

Skill      XL: |  1  2 |
---------------+-------+-----
Conjurations   | 2 3 |  3.8
Dodging        | |  2.4
Stealth        | |  2.4
Spellcasting   | |  4.5
Summonings     | |  1.1
Translocations | |  1.1

Action                   || total
-------------------------++-------
Melee: Dagger            ||    10
 Cast: Magic Dart        ||    54
       Call Imp          ||     1
  Use: Potion            ||     1
Armor: Robe              ||     4
Dodge: Dodged            ||    24

Table legend:
 A = Spawn XP
 B = Non-spawn XP
 C = Spawn XP percentage of total XP
 D = Spawn monster count
 E = Non-spawn monster count
 F = Spawn count percentage of total count
 G = Total turns spent on level
                    A         B        C        D         E        F      G
               +---------+---------+-------+---------+---------+-------+---------
         Total |       0 |      71 |   0.0 |       0 |      21 |   0.0 |   610
               +---------+---------+-------+---------+---------+-------+---------
           D:1 |       0 |       5 |   0.0 |       0 |       4 |   0.0 |    42
           D:2 |       0 |      66 |   0.0 |       0 |      17 |   0.0 |   568
               +---------+---------+-------+---------+---------+-------+---------
